 Dungeon Crawl Stone Soup version 0.25.1-8-g42b30a86e7 (webtiles) character file.

Game seed: 9160498538921903948

316 Clowwww the Chopper (level 6, -1/48 HPs)
             Began as a Demonspawn Fighter on Dec 19, 2020.
             Slain by a centaur (3 damage)
             ... on level 4 of the Dungeon.
             The game lasted 00:05:37 (2412 turns).

Clowwww the Chopper (Demonspawn Fighter)            Turns: 2412, Time: 00:05:38

Health: -1/48      AC:  6    Str: 25    XL:     6   Next: 20%
Magic:  6/6        EV: 11    Int:  9    God:
Gold:   195        SH: 10    Dex: 12    Spells: 5/5 levels left

rFire    . . .     SeeInvis .   C - +1 war axe (freeze)
rCold    . . .     Gourm    .   c - +0 kite shield
rNeg     + . .     Faith    .   b - +0 scale mail
rPois    .         Spirit   .   (no helmet)
rElec    .         Reflect  .   (no cloak)
rCorr    .         Harm     .   (no gloves)
MR       .....                  (no boots)
Stlth    ..........             (no amulet)
HPRegen  0.16/turn              t - ring of positive energy
MPRegen  0.10/turn              r - +6 ring of strength

@: mighty
A: hooves 1, repulsion field 2, spiny 1, rot immunity
a: no special abilities


You were on level 4 of the Dungeon.
You were very hungry.

You visited 1 branch of the dungeon, and saw 4 of its levels.

You collected 195 gold pieces.

Inventory:

Hand Weapons
 C - a +1 war axe of freezing (weapon)
Armour
 b - a +0 scale mail (worn)
 c - a +0 kite shield (worn)
Jewellery
 j - an uncursed ring of wizardry
 r - a +6 ring of strength (right hand)
 t - a ring of positive energy (left hand)
Wands
 a - a wand of acid (12)
 k - a wand of polymorph (3)
 B - a wand of enslavement (3)
Scrolls
 i - a scroll of fog {unknown}
 n - a scroll of identify {unknown}
 o - a scroll of remove curse {unknown}
 p - a scroll of blinking {unknown}
 u - 2 scrolls of amnesia {unknown}
 v - a scroll of noise {unknown}
 w - 3 scrolls of teleportation {unknown}
 y - a scroll of enchant armour {unknown}
Potions
 g - 2 potions of curing {unknown}
 h - a potion of lignification {unknown}
 l - a potion of heal wounds {unknown}
 m - a potion of stabbing {unknown}
 q - a potion of invisibility {unknown}
 s - 3 potions of mutation {unknown}
 x - a potion of magic {unknown}
 z - 2 potions of degeneration {unknown}
Comestibles
 f - 9 rations
 A - a chunk of flesh


   Skills:
 + Level 3.8 Fighting
 + Level 3.9 Axes
 + Level 3.6 Armour
 + Level 1.0 Dodging
 + Level 0.2 Stealth
 + Level 3.8 Shields


You had 5 spell levels left.
You didn't know any spells.
Your spell library was empty.

Dungeon Overview and Level Annotations

Branches:
Dungeon (4/15)             Temple (0/1) D:4

Altars:
Cheibriados
Makhleb
Yredelemnul

Shops:
D:4 [

Annotations:
D:3 1 runed translucent door


Innate Abilities, Weirdness & Mutations

You have large cloven feet.
You are surrounded by a moderate repulsion field. (EV +3)
You are partially covered in sharp spines.
You are immune to rotting.


Message History

You barely miss the jackal. The jackal is struck by your spines.
You kill the jackal!
You block the jackal's attack. x2; The jackal is struck by your spines.
You kill the jackal!
You miss the jackal. Your kick misses the jackal.
The centaur drinks a potion.
The centaur seems to speed up.
The jackal is struck by your spines. The jackal closely misses you.
The jackal bites you.
You closely miss the jackal. You kick the jackal.
You kill the jackal!
Your Dodging skill increases to level 1!
The centaur wields a +0 shortbow.
The centaur shoots an arrow.
The arrow hits you!
* * * LOW HITPOINT WARNING * * *
The centaur zaps a wand.
You resist with some effort.
The centaur shoots an arrow.
The arrow hits you.
* * * LOW HITPOINT WARNING * * *
Okay, then.
A rat and a phantom come into view.
The centaur unwields a +0 shortbow.
The centaur hits you.
You die...

.......#...........!#,,..,,,,,,,,
,......##............,...,,,,,,,,
,.........(.....#.####...,,,,,,,,
,,..............#........,,,,,,,,
,,.............##........,,,,,,,,
,,,,.<.........##.......#,,,,,,,,
,,,,...#........#).....#*,,,,,,,,
,,,,...#.#####..)(#***>*,,,,,,,,,
******,#.**#...#@## **,*,,,,,,,,,
* *,#,*#..###c#***,,,,,,,,,,,, *
*,*....#**#r...c...,,,,,,,,, *
*,*.###**,..#..#S##,,,,,,,,, *
*,,,*,,,,.####...,,,,,,,,,,, *
***,,,,,**##* *#W.#*,,,,,,,,, *
**,,,***,* ***,...#,,,,,,,,,
***,,,,* *,** *,,,,r..,,,,,,,,,
,,,,,,,* *,,* *,,,,,..,,,,,,,,,


You could see a phantom, a centaur (fast) and 2 rats.

Vanquished Creatures
  A howler monkey (D:4)
  A hound (D:2)
  A worker ant (D:4)
  2 hound skeletons (D:4)
  4 gnolls (D:4)
  A howler monkey skeleton (D:4)
  A river rat (D:4)
  4 adders
  An ooze (D:3)
  2 worms
  3 dart slugs (D:2)
  4 leopard geckos
  4 orcs (D:3)
  A ball python (D:2)
  5 giant cockroaches
  8 goblins
  10 hobgoblins
  7 jackals
  A quokka (D:3)
  4 bats
  6 frilled lizards
  7 kobolds
  10 rats
88 creatures vanquished.

Notes
Turn   | Place    | Note
-------+----------+-------------------------------------------
     0 | D:1      | Clowwww the Demonspawn Fighter began the quest for the Orb.
     0 | D:1      | Reached XP level 1. HP: 18/18 MP: 1/1
   100 | D:1      | Gained mutation: You are immune to rotting. [demonic
                  | ancestry]
   100 | D:1      | Reached XP level 2. HP: 14/24 MP: 2/2
   585 | D:1      | Gained mutation: You are partially covered in sharp spines.
                  | [demonic ancestry]
   585 | D:1      | Reached XP level 3. HP: 25/29 MP: 3/3
   682 | D:2      | Found a snail-covered altar of Cheibriados.
  1446 | D:2      | Gained mutation: You have large cloven feet. [demonic
                  | ancestry]
  1446 | D:2      | Reached XP level 4. HP: 36/36 MP: 4/4
  1457 | D:2      | Found a burning altar of Makhleb.
  1550 | D:3      | Found a runed translucent door.
  1550 | D:3      | Noticed a human
  1562 | D:3      | Found a basalt altar of Yredelemnul.
  2063 | D:3      | Gained mutation: You are surrounded by a mild repulsion
                  | field. (EV +2) [demonic ancestry]
  2063 | D:3      | Reached XP level 5. HP: 37/42 MP: 5/5
  2355 | D:4      | Found Xemoratt's Antique Armour Emporium.
  2399 | D:4      | Gained mutation: You are surrounded by a moderate repulsion
                  | field. (EV +3) [demonic ancestry]
  2399 | D:4      | Reached XP level 6. HP: 22/48 MP: 6/6
  2411 | D:4      | Reached skill level 1 in Dodging
  2411 | D:4      | HP: 2/48 [centaur/arrow (1)]
  2412 | D:4      | Slain by a centaur

Illustrated notes

Levels and vault maps discovered:
D:1:      saegor_arrival_simple_c, layout_basic
D:2:      layout_basic, cheibriados_altar_1, first_ration,
          makhleb_heckhound_becter
D:3:      layout_basic, serial_glass, glass_columns_a, glass_columns_c,
          serial_park_tiny_1, dk_yredelemnul_ordeal
D:4:      layout_rooms, minmay_temple_entry_fiery, serial_shops,
          nicolae_shop_trees, portal_sewer_entry_b, uniq_pikel

Skill      XL: |  1  2  3  4  5  6 |
---------------+-------------------+-----
Shields        | 3 |  3.8
Axes           | 2 3 |  3.9
Armour         | 3 |  3.6
Dodging        | 1 |  1.0
Fighting       | |  3.8
Stealth        | |  0.2

Action                   |  1- 3 |  4- 6 || total
-------------------------+-------+-------++-------
Melee: War axe           |   137 |    60 ||   197
       Kick              |       |    17 ||    17
  Use: Scroll            |       |     1 ||     1
       Potion            |       |     1 ||     1
  Eat: Chunk             |     2 |     2 ||     4
Armor: Scale mail        |    47 |    18 ||    65
Dodge: Dodged            |    34 |    28 ||    62
Block: Kite shield       |    76 |    34 ||   110
